 Dungeon Crawl Stone Soup version 0.22.1-6-g1668fe2c40 (webtiles) character file.

681 LabCoat the Chopper (level 7, -5/62 HPs)
             Began as a Deep Dwarf Fighter on Jan 22, 2019.
             Slain by an ogre
             ... wielding a +0 giant club
              (19 damage)
             ... on level 4 of the Dungeon.
             The game lasted 00:21:13 (2618 turns).

LabCoat the Chopper (Deep Dwarf Fighter)            Turns: 2618, Time: 00:21:14

Health: -5/62      AC:  7    Str: 20    XL:     7   Next: 34%
Magic:  9/9        EV:  9    Int: 10    God:
Gold:   257        SH: 11    Dex: 12    Spells: 10/10 levels left

rFire    . . .     SeeInvis .   a - +0 war axe
rCold    . . .     Gourm    .   c - +1 shield
rNeg     . . .     Faith    .   b - +0 scale mail
rPois    .         Spirit   .   g - +0 hat
rElec    .         Reflect  .   (no cloak)
rCorr    .         Harm     .   (no gloves)
MR       +....                  (no boots)
Stlth    ..........             (no amulet)
HPRegen  0.00/turn              j - +1 ring of evasion
MPRegen  0.11/turn              (no ring)

@: non-regenerating
A: damage resistance, heal wounds, sense surroundings 1, no regeneration
a: Heal Wounds


You were on level 4 of the Dungeon.
You were hungry.

You visited 1 branch of the dungeon, and saw 4 of its levels.

You collected 257 gold pieces.

Inventory:

Hand Weapons
 a - a +0 war axe (weapon)
Missiles
 e - 3 javelins (quivered)
 h - 23 sling bullets
 l - 23 bolts
 r - 3 tomahawks
 s - 8 needles of sleeping
Armour
 b - a +0 scale mail (worn)
 c - a +1 shield (worn)
 g - a +0 hat (worn)
Jewellery
 j - a +1 ring of evasion (left hand)
Scrolls
 n - a scroll of teleportation
 q - a scroll of fear
Potions
 d - a potion of might
 p - 2 potions of cancellation
 u - a potion of ambrosia {unknown}
Comestibles
 f - 5 rations
 o - 9 chunks of flesh


   Skills:
 + Level 3.2 Fighting
 * Level 6.3 Axes
 + Level 4.0 Armour
 + Level 1.0 Dodging
 + Level 0.5 Stealth
 * Level 5.2 Shields
 * Level 2.2 Spellcasting


You had 10 spell levels left.
You didn't know any spells.
Your spell library was empty.

Dungeon Overview and Level Annotations

Branches:
Dungeon (4/15)
 Temple: D:4-7

Altars:
Elyvilon
Fedhas
Kikubaaqudgha
Okawaru
Vehumet
Xom

Annotations:
D:3 room without doors


Innate Abilities, Weirdness & Mutations

You are resistant to damage.
You can heal yourself by infusing magical energy.
You passively map a small area around you.
You do not regenerate.


Message History

The ogre shouts!
Okay, then.
You feel better.
You hit the ogre but do no damage. The ogre barely misses you.
You slash the ogre!
The ogre is moderately wounded.
You block the ogre's attack.
You barely miss the ogre.
The ogre is moderately wounded.
The ogre hits you with a giant club!
An adder comes into view.
You barely miss the ogre.
The ogre is moderately wounded.
The adder hisses angrily.
The ogre hits you with a giant club!
* * * LOW HITPOINT WARNING * * *
You feel much better. The ogre hits you with a giant club!!
* * * LOW HITPOINT WARNING * * *
You fail to use your ability.
The ogre hits you with a giant club!!
You die...

, * ≈ ≈, * , , ,
####, ,,.... ,
*#.. > , * #.. ,
** * #S#* * #O# .
#@##############..
#..............#..
#..#.#.#.#.#.#....
#..!...........#..
#....⌠.)...⌠......
#......._.........
##...⌠.....⌠...###
#.............#
#.#.#.#.#.#.#.#


You could see an ogre and an adder.

Vanquished Creatures
  Grinder (D:3)
  Duvessa (D:4)
  A big kobold (D:2)
  Dowan (D:4)
  A scorpion (D:4)
  An orc wizard (D:4)
  An orc priest (D:4)
  A hound skeleton (D:4)
  3 gnolls (D:2)
  2 adders
  3 worms (D:2)
  A leopard gecko (D:2)
  12 orcs
  2 giant cockroaches
  7 goblins
  10 hobgoblins
  4 kobolds
  2 quokkas (D:2)
  A ball python (D:2)
  10 bats
  2 frilled lizards
  7 rats
74 creatures vanquished.

Notes
Turn   | Place    | Note
-------+----------+-------------------------------------------
     0 | D:1      | LabCoat the Deep Dwarf Fighter began the quest for the Orb.
     0 | D:1      | Reached XP level 1. HP: 20/20 MP: 1/1
   227 | D:1      | Reached XP level 2. HP: 21/27 MP: 2/2
   353 | D:1      | You fall through a shaft!
   378 | D:2      | Reached XP level 3. HP: 25/33 MP: 3/3
   384 | D:2      | Reached skill level 1 in Spellcasting
   389 | D:2      | Reached skill level 3 in Axes
   533 | D:1      | Found a shimmering altar of Xom.
  1094 | D:2      | Noticed a big kobold
  1122 | D:2      | Killed a big kobold
  1122 | D:2      | Reached XP level 4. HP: 18/42 MP: 5/5
  1126 | D:2      | Reached skill level 4 in Axes
  1198 | D:2      | Found an ancient bone altar of Kikubaaqudgha.
  1201 | D:2      | Reached XP level 5. HP: 21/49 MP: 6/6
  1409 | D:2      | Found a radiant altar of Vehumet.
  1708 | D:3      | Noticed Grinder
  1709 | D:3      | Found an iron altar of Okawaru.
  1728 | D:3      | Paralysed by Grinder for 6 turns
  1739 | D:3      | Killed Grinder
  1739 | D:3      | Reached skill level 5 in Axes
  1739 | D:3      | Reached XP level 6. HP: 17/56 MP: 5/7
  2365 | D:4      | Noticed Dowan
  2366 | D:4      | Noticed Duvessa
  2467 | D:4      | Killed Dowan
  2467 | D:4      | Reached skill level 1 in Dodging
  2467 | D:4      | Reached skill level 5 in Shields
  2467 | D:4      | Reached XP level 7. HP: 32/62 MP: 7/9
  2492 | D:4      | Killed Duvessa
  2492 | D:4      | Reached skill level 6 in Axes
  2518 | D:4      | Found a blossoming altar of Fedhas.
  2578 | D:4      | Found a white marble altar of Elyvilon.
  2618 | D:4      | Slain by an ogre

Skill      XL: |  1  2  3  4  5  6  7 |
---------------+----------------------+-----
Spellcasting   | 1 2 |  2.2
Axes           | 3 4 5 6 |  6.3
Fighting       | 3 |  3.2
Shields        | 4 5 |  5.2
Dodging        | 1 |  1.0
Armour         | 4 |  4.0
Stealth        | |  0.5

Action                   |  1- 3 |  4- 6 |  7- 9 || total
-------------------------+-------+-------+-------++-------
Melee: War axe           |   103 |   167 |    36 ||   306
 Abil: Heal Wounds       |       |     2 |     3 ||     5
  Use: Scroll            |     3 |     5 |     3 ||    11
       Potion            |       |     8 |     2 ||    10
  Eat: Ration            |     1 |       |       ||     1
       Chunk             |       |     2 |       ||     2
Armor: Scale mail        |    51 |    61 |     2 ||   114
Dodge: Dodged            |    44 |    53 |    11 ||   108
Block: Shield            |    63 |    85 |    17 ||   165
